 Dungeon Crawl Stone Soup version 0.17-b1-16-g38e0902 (webtiles) character file.

208 rutigerpupkin the Digger (level 5, -3/28 HPs)
             Began as a Gargoyle Earth Elementalist on Nov 3, 2015.
             Slain by a giant frog (4 damage)
             ... in a sewer.
             The game lasted 00:08:39 (2614 turns).

rutigerpupkin the Digger (GrEE)                     Turns: 2614, Time: 00:08:39

Health: -3/28      AC:  7    Str: 11    XL:     5   Next: 86%
Magic:  1/11       EV: 12    Int: 17    God:
Gold:   140        SH:  0    Dex: 10    Spells: 3 memorised, 6 levels left

rFire  . . .     SeeInvis .     l - +0 spear
rCold  . . .     Clarity  .     b - +0 robe
rNeg   + . .     SustAt   .     (no shield)
rPois  ∞         Gourm    .     f - +1 hat
rElec  +         Spirit   .     (no cloak)
rCorr  .         Warding  .     (no gloves)
rMut   .         Stasis   .     (no boots)
MR     .....                    (no amulet)
Stlth  ++........               (no ring)
                                (no ring)

@: very slightly contaminated, not resistant to hostile enchantments, unstealthy
A: negative energy resistance 1, electricity resistance, unbreathing,
petrification resistance, rot immunity, AC +4
a: no special abilities


You were in a sewer.
You were not hungry.

You visited 1 branch of the dungeon, and saw 3 of its levels.
You also visited: Sewer.

You collected 140 gold pieces.

Inventory:

Hand Weapons
 e - a +0 club
 l - a +0 spear (weapon)
 v - a +0 scythe
Missiles
 a - 147 stones (quivered)
 s - 13 poisoned needles
Armour
 b - a +0 robe (worn)
 f - a +1 hat (worn)
Wands
 m - a wand of fireball (7)
Scrolls
 g - 3 scrolls of identify {unknown}
 j - a scroll of teleportation {unknown}
 n - 2 scrolls of remove curse {unknown}
 p - a scroll of immolation {unknown}
 r - a scroll of enchant armour {unknown}
 u - a scroll of recharging {unknown}
Potions
 k - 2 potions of curing {unknown}
 q - a potion of brilliance {unknown}
 t - a potion of cancellation {unknown}
Books
 c - a book of Geomancy

   Spells                             Type                      Level
   a - Sandblast                      Earth                        1
   b - Stoneskin                      Transmutation/Earth          2
   c - Passwall                       Transmutation/Earth          3
   d - Stone Arrow                    Conjuration/Earth            3
   e - Petrify                        Transmutation/Earth          4
   f - Lee's Rapid Deconstruction     Earth                        5
Comestibles
 d - 4 bread rations
 h - a royal jelly
 i - 7 chunks of flesh
 o - a beef jerky


   Skills:
 - Level 1.5 Dodging
 - Level 2.1 Stealth
 * Level 4.3 Spellcasting
 + Level 1.2 Conjurations
 - Level 0.7 Transmutations
 + Level 5.3 Earth Magic


You had 6 spell levels left.
You knew the following spells:

 Your Spells              Type           Power        Failure   Level  Hunger
a - Sandblast             Erth           ###...       1%          1    None
b - Stoneskin             Trmt/Erth      ##......     10%         2    ##.....
c - Stone Arrow           Conj/Erth      ##....       14%         3    ###....


Dungeon Overview and Level Annotations

Branches:
Dungeon (3/15)

Altars:
Dithmenos
Gozag
Makhleb
Nemelex Xobeh


Innate Abilities, Weirdness & Mutations

You are resistant to torment.
Your stone body is resilient (AC +4).
You are immune to poison.
You resist negative energy.
You are resistant to electric shocks.
You can survive without breathing.
You are immune to petrification.
You are immune to rotting.


Message History

Casting: Sandblast
Confirm with . or Enter, or press ? or * to list all spells.
Aiming: Sandblast
Press: ? - help, Shift-Dir - straight line, f - giant frog
Aim: a giant frog (heavily wounded)
The blast of sand hits the giant frog.
The giant frog is almost dead.
The giant frog hits you.
* * * LOW HITPOINT WARNING * * *
The giant frog closely misses you.
Casting: Sandblast
Confirm with . or Enter, or press ? or * to list all spells.
Okay, then.
You closely miss the giant frog.
The giant frog is almost dead.
The giant frog hits you but does no damage.
You closely miss the giant frog.
The giant frog is almost dead.
The giant frog closely misses you. The giant frog hits you.
You die...

≈≈≈≈≈≈≈##≈≈≈≈≈#
≈≈≈∩≈≈≈≈#≈≈≈≈≈#
≈≈≈≈.≈≈....≈≈≈≈≈≈≈≈.#
≈≈≈≈.?.≈.≈≈≈≈≈≈≈≈≈≈≈≈#
≈≈≈.[[!≈≈.≈≈≈≈≈≈≈≈≈≈≈#
≈≈≈≈.\.≈≈.≈≈≈≈≈≈≈≈≈≈.#
≈≈≈≈≈≈≈≈.≈≈≈≈≈≈≈≈≈≈≈.#
≈≈≈≈≈≈≈≈≈≈≈≈≈≈≈†F≈≈≈≈#
≈≈≈≈≈≈≈≈≈≈≈≈≈≈≈≈@≈≈≈≈#
≈≈≈≈≈≈≈≈≈≈≈≈≈≈≈≈.≈≈≈.#
....≈≈≈≈≈≈≈≈≈≈..≈≈≈≈.#
≈≈≈≈≈≈≈≈≈≈≈≈≈≈≈≈≈≈≈≈.#
≈≈≈≈≈≈≈≈≈≈≈≈≈≈≈≈≈≈≈≈.#
≈≈≈≈≈≈≈≈≈≈≈≈≈≈≈≈≈≈≈..#
....................##
#####################
#


You could see a giant frog.

Vanquished Creatures
  A giant frog (Sewer)
  A hound (D:2)
  3 adders
  An ooze (D:1)
  2 worms (D:2)
  5 giant geckos
  3 ball pythons
  5 bats
  12 giant cockroaches
  5 goblins
  5 hobgoblins
  7 kobolds
  A quokka (D:2)
  4 giant newts
  2 jackals (D:1)
  14 rats
71 creatures vanquished.

Notes
Turn   | Place    | Note
--------------------------------------------------------------
     0 | D:1      | rutigerpupkin the Gargoyle Earth Elementalist began the quest for the Orb.
     0 | D:1      | Reached XP level 1. HP: 10/10 MP: 3/3
   266 | D:1      | Reached XP level 2. HP: 15/15 MP: 1/5
   274 | D:1      | Learned a level 2 spell: Stoneskin
   524 | D:1      | Reached skill level 4 in Earth Magic
   862 | D:1      | Reached XP level 3. HP: 15/19 MP: 7/7
  1310 | D:2      | Found a shadowy altar of Dithmenos.
  1639 | D:2      | Reached XP level 4. HP: 24/24 MP: 1/8
  1656 | D:2      | Learned a level 3 spell: Stone Arrow
  1947 | D:2      | Found a burning altar of Makhleb.
  2063 | D:2      | Reached skill level 5 in Earth Magic
  2151 | D:3      | Found a sparkling altar of Nemelex Xobeh.
  2151 | D:3      | Found an opulent altar of Gozag.
  2339 | D:3      | Found a glowing drain.
  2343 | Sewer    | Entered a sewer
  2357 | Sewer    | Reached XP level 5. HP: 26/28 MP: 8/10
  2599 | Sewer    | Noticed a giant frog
  2600 | Sewer    | Noticed a giant frog
  2611 | Sewer    | Killed a giant frog
  2611 | Sewer    | Reached skill level 1 in Conjurations
  2612 | Sewer    | HP: 1/28 [giant frog (6)]
  2614 | Sewer    | Slain by a giant frog

Action                   |  1- 3 |  4- 6 || total
-------------------------+-------+-------++-------
Melee: Club              |    41 |       ||    41
       Spear             |    53 |    84 ||   137
 Cast: Sandblast         |    47 |    28 ||    75
       Stone Arrow       |       |     1 ||     1
 Stab: Sleeping          |     3 |     4 ||     7
  Eat: Chunk             |     3 |     3 ||     6
